 Dungeon Crawl Stone Soup version 0.22-a0-609-gfedc9ff (webtiles) character file.

12933 sking99 the Martial Artist (level 11, -4/99 HPs)
             Began as a Green Draconian Transmuter on July 10, 2018.
             Was an Initiate of Gozag.
             Killed from afar by a gargoyle (10 damage)
             ... with a stone arrow
             ... in a volcano.
             The game lasted 00:35:52 (17168 turns).

sking99 the Martial Artist (DrTm)                  Turns: 17168, Time: 00:35:53

Health: -4/99      AC: 10    Str: 18    XL:     11   Next: 68%
Magic:  26/26      EV: 18    Int: 15    God:    Gozag
Gold:   1655       SH:  0    Dex: 15    Spells: 10/18 levels left

rFire    . . .     SeeInvis .     - Unarmed
rCold    + . .     Gourm    .   (no shield)
rNeg     . . .     Faith    .   (armour unavailable)
rPois    +         Spirit   .   (helmet restricted)
rElec    .         Reflect  .   A - +1 cloak
rCorr    +         Harm     .   (no gloves)
MR       +....                  D - +0 pair of boots
Stlth    +.........             (no amulet)
HPRegen  0.26/turn              G - ring of Kizxuppici {rCorr rC+ MR+ MP+9 Int+2}
MPRegen  0.20/turn              j - +5 ring of strength

@: confused, appendage
A: breathe noxious fumes, unfitting armour, horns 2, poison resistance,
cold-blooded, AC +7
a: Breathe Noxious Fumes, End Transformation, Potion Petition, Call Merchant,
Bribe Branch, Renounce Religion


You were in a volcano.
You worshipped Gozag.
Gozag was most pleased with you.
You were not hungry.
You had grown temporary horns.
You visited 3 branches of the dungeon, and saw 14 of its levels.
You also visited: Volcano.

You collected 2589 gold pieces.
You spent 855 gold pieces at shops.
You paid 79 gold pieces to Gozag.

Inventory:

Missiles
 a - 117 arrows (quivered)
Armour
 A - a +1 cloak (worn)
 D - a +0 pair of boots (worn)
Magical Staves
 o - an uncursed staff of summoning
 E - an uncursed staff of death
Jewellery
 b - an uncursed ring of magical power
 j - a +5 ring of strength (right hand)
 p - an uncursed ring of ice
 s - an uncursed ring of protection from magic
 x - a +3 ring of intelligence
 z - an uncursed ring of see invisible
 G - the ring of Kizxuppici (left hand) {rCorr rC+ MR+ MP+9 Int+2}
   (You bought it in a shop on level 8 of the Dungeon)

   [ring of resist corrosion]

   It affects your intelligence (+2).
   It protects you from cold.
   It affects your resistance to hostile enchantments.
   It affects your magic capacity (+9).
 H - an uncursed ring of stealth {unknown}
 K - an uncursed ring of wizardry {unknown}
 O - an uncursed amulet of regeneration {unknown}
Wands
 m - a wand of acid (10)
 v - a wand of scattershot (6)
 y - a wand of digging (24)
 I - a wand of flame (29)
Scrolls
 h - 6 scrolls of teleportation
 i - 4 scrolls of fear
 r - a scroll of amnesia
 u - 7 scrolls of remove curse
 B - 2 scrolls of vulnerability
 C - a scroll of fog
 F - a scroll of summoning
 J - 3 scrolls of identify
Potions
 d - 3 potions of lignification
 f - 4 potions of ambrosia
 g - a potion of brilliance
 k - 4 potions of might
 l - 5 potions of agility
 n - a potion of haste
 q - 5 potions of curing
 t - 4 potions of degeneration
 N - a potion of mutation {unknown}
Comestibles
 c - 10 rations


   Skills:
 + Level 10.0 Fighting
 + Level 8.6 Dodging
 - Level 12.0 Unarmed Combat
 - Level 4.0 Spellcasting
 + Level 6.5 Transmutations


You had 10 spell levels left.
You knew the following spells:

 Your Spells              Type           Power        Failure   Level  Hunger
a - Beastly Appendage     Tmut           ###...       1%          1    None
b - Sticks to Snakes      Tmut           ###.....     1%          2    ##.....
c - Blade Hands           Tmut           ###.......   34%         5    ######.

Your spell library contained the following spells:

 Spells                   Type           Power        Failure   Level  Hunger
 Spider Form              Tmut/Pois      ##........   14%         3    ###....
 Ice Form                 Ice/Tmut       ##......     43%         4    ####...


Dungeon Overview and Level Annotations

Branches:
Dungeon (11/15)            Temple (1/1) D:5            Lair (2/6) D:9
    Orc (0/2) D:10
  Swamp: Lair:2-4    Shoals: Lair:2-4     Snake: Lair:2-4    Spider: Lair:2-4

Altars:
Ashenzari
Cheibriados
Dithmenos
Elyvilon
Fedhas
Gozag
Hepliaklqana
Kikubaaqudgha
Makhleb
Nemelex Xobeh
Okawaru
Qazlal
Ru
Sif Muna
Trog
Uskayaw
Vehumet
Wu Jian
Xom
Yredelemnul
Zin
The Shining One

Shops:
D:6 ?   D:8 =%%[

Annotations:
D:3 1 runed door
D:6 2 runed doors, sking99's ghost, novice DrTm
D:11 Nergalle


Innate Abilities, Weirdness & Mutations

You can breathe blasts of noxious fumes.
Your lurid green scales are hard. (AC +7)
You cannot fit into any form of body armour.
Your system is resistant to poisons. (rPois)
You are cold-blooded and may be slowed by cold attacks.
You have a pair of horns on your head.


Message History

The stone arrow misses you.
You hit the gargoyle but do no damage.
You headbutt the gargoyle, but do no damage.
You punch the gargoyle, but do no damage.
The gargoyle is moderately damaged.
The gargoyle hits you with a morningstar!
The gargoyle closely misses you.
There is an open gate here.
The gargoyle hurls a stone arrow at you.
The stone arrow hits you!
* * * LOW HITPOINT WARNING * * *
The gargoyle hurls a stone arrow at you.
The stone arrow hits you!
* * * LOW HITPOINT WARNING * * *
You are confused.
You feel invigorated.
The gargoyle hurls a stone arrow at you.
The stone arrow hits you!
You die...
Your body crumbles into a pile of gold.

....### #.#...### ........##
≈≈.......### ≈≈≈§§.§....### #####
≈≈≈§≈§≈....§.##### ..⌠..#
≈≈≈§§§≈§≈≈.....#.##########.....+
§≈§≈≈≈≈≈≈≈≈§§§..≈'...8....'.....#
≈≈§§≈§§§≈§≈§≈§..@'9..$....'..∩..+
§§≈≈§≈§≈≈≈≈≈....≈'9..8....'.....#
≈§§§§§≈≈§§≈§....##########.....#
≈≈≈≈≈§§≈≈≈≈≈### ..⌠..#
§≈§§§§§≈≈## ###+# ≈≈§≈§≈≈##
≈§§≈≈# §§§## $ ≈≈#


You could see 2 gargoyles.

Vanquished Creatures
  2 two-headed ogres
  A gargoyle (D:10)
  A spiny frog (Lair:1)
  A centaur skeleton (D:10)
  3 komodo dragons (Lair:1)
  A hornet (D:7)
  2 harpy skeletons (Volcano)
  3 blink frogs (Lair:1)
  2 hippogriffs
  2 flying skulls (Volcano)
  A wraith (D:10)
  6 yaks
  Menkaure (D:6)
  2 water moccasins
  3 porcupines
  4 ice beasts
  3 black bears
  9 orc warriors
  5 sky beasts
  A phantom (D:3)
  An eye of draining (D:10)
  3 wolves (Lair:1)
  4 centaurs
  6 ogres
  5 necrophages
  2 crocodiles (Lair:1)
  A big kobold (D:7)
  A gnoll sergeant (D:8)
  6 bullfrogs
  5 scorpions
  4 killer bees (D:7)
  4 wights (D:10)
  4 howler monkeys
  3 crimson imps
  2 quasits
  A jelly (D:6)
  A centaur zombie (D:10)
  6 hounds
  3 bullfrog skeletons
  6 orc priests
  7 orc wizards
  2 iguanas
  Natasha (thrice) (D:4)
  6 worker ants
  A killer bee zombie (D:9)
  2 hound zombies (D:9)
  A worker ant zombie (D:9)
  19 gnolls
  16 adders
  A shadow imp (D:5)
  3 adder skeletons
  4 worms
  5 dart slugs
  3 leopard geckos
  54 orcs
  2 ball pythons
  5 giant cockroaches
  13 goblins
  18 hobgoblins
  14 jackals
  20 kobolds
  8 quokkas
  5 bats
  2 frilled lizards (D:2)
  A leopard gecko skeleton (D:4)
  A quokka zombie (D:8)
  13 rats
  A bush (D:9)
351 creatures vanquished.

Vanquished Creatures (collateral kills)
  A komodo dragon (Lair:1)
  Grinder (D:6)
  A worker ant (D:4)
  An adder (D:2)
  A worm (D:2)
  A jackal (D:3)
6 creatures vanquished.

Vanquished Creatures (others)
  6 fungi (D:9)
  5 plants (D:9)
11 creatures vanquished.

Grand Total: 368 creatures vanquished

Notes
Turn   | Place    | Note
-------+----------+-------------------------------------------
     0 | D:1      | sking99 the Draconian Transmuter began the quest for the Orb.
     0 | D:1      | Reached XP level 1. HP: 16/16 MP: 3/3
   166 | D:1      | Reached XP level 2. HP: 13/23 MP: 5/5
  1019 | D:2      | Reached XP level 3. HP: 13/29 MP: 4/6
  1025 | D:2      | Learned a level 2 spell: Sticks to Snakes
  1840 | D:2      | Reached XP level 4. HP: 8/36 MP: 7/7
  2058 | D:2      | Reached skill level 4 in Unarmed Combat
  2354 | D:3      | Found a glowing silver altar of Zin.
  2354 | D:3      | Noticed an angel
  2355 | D:3      | Found a runed door.
  2642 | D:3      | Reached XP level 5. HP: 37/42 MP: 8/8
  2647 | D:3      | Found a snail-covered altar of Cheibriados.
  2905 | D:2      | HP: 2/42 [poisoned by a gnoll]
  4180 | D:4      | Noticed a phantom
  4519 | D:3      | Killed a phantom
  4519 | D:3      | Reached skill level 5 in Unarmed Combat
  4519 | D:3      | Reached XP level 6. HP: 22/51 MP: 4/9
  5433 | D:4      | Noticed Natasha
  5450 | D:4      | Killed Natasha
  5490 | D:4      | Noticed Natasha
  5503 | D:4      | Killed Natasha
  5605 | D:4      | Noticed Natasha
  5612 | D:4      | Killed Natasha
  5674 | D:4      | Noticed a sky beast
  5863 | D:4      | Killed a sky beast
  5863 | D:4      | Your scales start taking on a lurid green colour.
  5863 | D:4      | Reached XP level 7. HP: 24/58 MP: 10/10
  5863 | D:4      | Gained mutation: Your system is resistant to poisons. (rPois) [Green Draconian growth]
  6216 | D:4      | Reached skill level 6 in Unarmed Combat
  6481 | D:5      | Entered Level 5 of the Dungeon
  6785 | D:5      | Found a staircase to the Ecumenical Temple.
  6794 | Temple   | Entered the Ecumenical Temple
  7085 | Temple   | Became a worshipper of Gozag Ym Sagoz the Greedy
  7583 | D:6      | Found the +8 demon blade "Leech" {vamp, rN+ AC-3 EV-3}
  7630 | D:6      | Found a runed door.
  7633 | D:6      | Noticed sking99's ghost (novice DrTm)
  7659 | D:6      | Reached XP level 8. HP: 67/67 MP: 11/11
  7744 | D:6      | Found a runed door.
  8045 | D:6      | Noticed Menkaure
  8055 | D:6      | Killed Menkaure
  8055 | D:6      | Reached skill level 7 in Unarmed Combat
  8057 | D:6      | Reached skill level 5 in Fighting
  8106 | D:6      | Reached skill level 5 in Transmutations
  8988 | D:6      | Noticed Grinder
  8990 | D:6      | Paralysed by Grinder for 2 turns
  9004 | D:6      | Killed Grinder
  9004 | D:6      | Reached skill level 5 in Dodging
  9004 | D:6      | Reached skill level 8 in Unarmed Combat
  9307 | D:6      | Reached XP level 9. HP: 72/75 MP: 12/12
  9511 | D:6      | Found Cikhego's Magic Scroll Shoppe.
  9532 | D:6      | Bought a scroll of fear for 49 gold pieces
 10045 | D:7      | Reached skill level 9 in Unarmed Combat
 10764 | D:7      | Learned a level 5 spell: Blade Hands
 10939 | D:7      | Got a translucent dagger
 10940 | D:7      | Identified the +3 dagger "Bunubbeh" {pierce, Str+3} (You found it on level 7 of the Dungeon)
 11055 | D:8      | Found Oriu's Antique Armour Emporium.
 11069 | D:8      | Bought a pair of boots for 117 gold pieces
 11891 | D:8      | Found Unleijups's Jewellery Shoppe.
 11895 | D:8      | Bought the ring of Kizxuppici {rCorr rC+ MR+ MP+9 Int+2} for 689 gold pieces
 11911 | D:8      | Found Kufeomp's Food Emporium.
 12000 | D:8      | Noticed a two-headed ogre
 12030 | D:8      | Found Neisuhee's Food Boutique.
 12063 | D:8      | Killed a two-headed ogre
 12063 | D:8      | Reached skill level 10 in Unarmed Combat
 12063 | D:8      | Reached XP level 10. HP: 86/86 MP: 14/14
 12606 | D:9      | Found a blossoming altar of Fedhas.
 13189 | D:9      | Found a staircase to the Lair.
 13562 | D:9      | Reached skill level 11 in Unarmed Combat
 13638 | D:10     | Entered Level 10 of the Dungeon
 13638 | D:10     | Noticed a gargoyle
 14010 | D:10     | Found a shattered altar of Ashenzari.
 14339 | D:10     | Found a staircase to the Orcish Mines.
 14349 | D:10     | Reached XP level 11. HP: 91/95 MP: 17/17
 14972 | D:10     | Noticed a two-headed ogre
 14976 | D:10     | Killed a two-headed ogre
 15081 | D:11     | Noticed Nergalle
 15157 | Lair:1   | Entered Level 1 of the Lair of Beasts
 15531 | Lair:1   | Reached skill level 12 in Unarmed Combat
 17017 | Lair:2   | Found a dark tunnel.
 17027 | Volcano  | Entered a volcano
 17076 | Volcano  | Reached skill level 10 in Fighting
 17167 | Volcano  | HP: 3/99 [gargoyle/stone arrow (16)]
 17168 | Volcano  | Killed from afar by a gargoyle

Vault maps used:
D:1:      ebering_trefoil_twist, minmay_misc_feat_cross
D:2:      first_ration, serial_glass, glass_columns_b, glass_columns_b
D:3:      minmay_diamond_boxcup, marbit_many_paths, lemuel_angel_altar
D:4:      uniq_natasha
D:5:      minmay_temple_entry_metal_lava, kennysheep_generic_room_13
D:6:      corexii_shantytown, ebering_ghost_sewer_f, serial_shops, shop,
          uniq_menkaure, uniq_grinder
D:7:      grunt_ogre_cave
D:8:      serial_shops, kennysheep_mini_moat, shop, shop, shop
D:9:      grunt_lair_entry_orc_guard_hut, fedhas_altar_decomposition
D:10:     david_orc_4, nicolae_ashenzari_panopticon
D:11:     uniq_nergalle
Temple:   regret_index_temple_sigil_plot
Lair:2:   enter_volcano_1
Volcano:  volcano_tomb

Skill      XL: |  1  2  3  4  5  6  7  8  9 10 11 |
---------------+----------------------------------+-----
Dodging        | 2 3 4 5 6 7 8 |  8.6
Fighting       | 2 3 4 5 7 8 10 | 10.0
Unarmed Combat | 4 5 6 8 10 11 12 | 12.0
Transmutations | 3 4 5 6 |  6.5
Spellcasting   | 4 |  4.0

Action                   |  1- 3 |  4- 6 |  7- 9 | 10-12 || total
-------------------------+-------+-------+-------+-------++-------
Melee: Unarmed           |   133 |   325 |   494 |   561 ||  1513
       Tailslap          |    15 |    31 |    78 |    91 ||   215
       Punch             |     2 |     3 |    22 |    41 ||    68
       Kick              |     1 |     8 |     3 |       ||    12
       Headbutt          |       |       |       |     6 ||     6
 Cast: Beastly Appendage |     1 |     5 |     1 |     2 ||     9
       Sticks to Snakes  |     2 |    13 |    11 |     4 ||    30
 Abil: Breathe Noxious F |       |       |    14 |    11 ||    25
Evoke: Wand              |       |     1 |       |       ||     1
  Use: Scroll            |       |     9 |     7 |     6 ||    22
       Potion            |       |     3 |       |     5 ||     8
 Stab: Sleeping          |     1 |     1 |     5 |       ||     7
       Distracted        |       |     1 |     1 |     2 ||     4
       Confused          |       |       |    16 |    13 ||    29
  Eat: Chunk             |     3 |    12 |     1 |       ||    16
       Ration            |       |     1 |     6 |     6 ||    13
Armor: Skin              |    25 |    63 |   100 |   116 ||   304
Dodge: Dodged            |    80 |   207 |   290 |   326 ||   903

Table legend:
 A = Spawn XP
 B = Non-spawn XP
 C = Spawn XP percentage of total XP
 D = Spawn monster count
 E = Non-spawn monster count
 F = Spawn count percentage of total count
 G = Total turns spent on level
                    A         B        C        D         E        F      G
               +---------+---------+-------+---------+---------+-------+---------
         Total |       0 |   18476 |   0.0 |       0 |     356 |   0.0 | 17168
               +---------+---------+-------+---------+---------+-------+---------
           D:1 |       0 |      26 |   0.0 |       0 |      13 |   0.0 |   982
           D:2 |       0 |      91 |   0.0 |       0 |      29 |   0.0 |  1582
           D:3 |       0 |     338 |   0.0 |       0 |      49 |   0.0 |  2009
           D:4 |       0 |     583 |   0.0 |       0 |      17 |   0.0 |  2014
           D:5 |       0 |     228 |   0.0 |       0 |       6 |   0.0 |   830
           D:6 |       0 |    1680 |   0.0 |       0 |      65 |   0.0 |  2312
           D:7 |       0 |    1648 |   0.0 |       0 |      38 |   0.0 |  1147
           D:8 |       0 |    1755 |   0.0 |       0 |      25 |   0.0 |  1131
           D:9 |       0 |    2740 |   0.0 |       0 |      42 |   0.0 |  1614
          D:10 |       0 |    3591 |   0.0 |       0 |      45 |   0.0 |  1222
        Lair:1 |       0 |    4846 |   0.0 |       0 |      23 |   0.0 |  1837
       Volcano |       0 |     950 |   0.0 |       0 |       4 |   0.0 |   141
               +---------+---------+-------+---------+---------+-------+---------
